 Dungeon Crawl Stone Soup version 0.19-a0-1899-g2d93087 (webtiles) character file.

196 KarmaPolice the Vandal (level 6, -5/42 HPs)
             Began as a Halfling Hunter on Oct 19, 2016.
             Slain by an ogre
             ... wielding a +0 giant spiked club
              (19 damage)
             ... on level 3 of the Dungeon.
             The game lasted 00:06:09 (2793 turns).

KarmaPolice the Vandal (Halfling Hunter)            Turns: 2793, Time: 00:06:09

Health: -5/42      AC:  5    Str: 14    XL:     6   Next: 4%
Magic:  6/6        EV: 14    Int:  9    God:
Gold:   93         SH:  0    Dex: 16    Spells: 0 memorised, 5 levels left

rFire  . . .     SeeInvis .     a - +1 hunting sling
rCold  . . .     Gourm    .     c - +0 leather armour
rNeg   . . .     Faith    .     (shield restricted)
rPois  .         Spirit   .     (no helmet)
rElec  .         Reflect  .     s - +0 cloak
rCorr  .         Harm     .     x - +0 pair of gloves
MR     .....                    (no boots)
Stlth  ++........               (no amulet)
                                (no ring)
                                i - ring of flight

@: no status effects
A: mutation resistance 1
a: Evoke Flight


You were on level 3 of the Dungeon.
You were not hungry.

You visited 1 branch of the dungeon, and saw 3 of its levels.

You collected 93 gold pieces.

Inventory:

Hand Weapons
 a - a +1 hunting sling (weapon)
 b - a +0 short sword
 k - a cursed -3 spear
Missiles
 d - 17 sling bullets
 p - 39 stones (quivered)
Armour
 c - a +0 leather armour (worn)
 s - a +0 cloak (worn)
 x - a +0 pair of gloves (worn)
Jewellery
 i - a ring of flight (left hand)
 j - a cursed amulet of inaccuracy {unknown}
 t - a cursed +1 ring of protection {unknown}
Scrolls
 g - 3 scrolls of identify {unknown}
 o - a scroll of enchant weapon {unknown}
 r - a scroll of teleportation {unknown}
 v - a scroll of amnesia {unknown}
 w - a scroll of magic mapping {unknown}
 y - a scroll of immolation {unknown}
Potions
 e - a potion of brilliance {unknown}
 h - a potion of berserk rage {unknown}
 l - a potion of flight {unknown}
 m - 4 potions of cancellation {unknown}
 n - a potion of curing {unknown}
 q - a potion of heal wounds {unknown}
 u - a potion of degeneration {unknown}
 z - a potion of mutation {unknown}
Comestibles
 f - 4 bread rations
 A - a slice of pizza


   Skills:
 + Level 3.0 Fighting
 + Level 2.6 Short Blades
 + Level 7.1 Slings
 - Level 2.1 Dodging
 + Level 3.3 Stealth


You had 5 spell levels left.
You didn't know any spells.

Dungeon Overview and Level Annotations

Branches:
Dungeon (3/15)

Altars:


Innate Abilities, Weirdness & Mutations

You are small and have problems with some larger weapons.
You are somewhat resistant to further mutation.


Message History

The ogre hits you with a giant spiked club!!
Ouch! That really hurt!
* * * LOW HITPOINT WARNING * * *
You hear a shout!
You are too injured to fight recklessly!
You are too injured to fight recklessly!
You are too injured to fight recklessly!
The ogre hits you with a giant spiked club.
* * * LOW HITPOINT WARNING * * *
The ogre closely misses you. The ogre barely misses you.
Okay, then.
Okay, then.
Items here: ))) ÷÷ a club; a dagger x2; a big kobold skeleton; a kobold skeleton
Items here: )))) ÷ a dagger; a club x3; a kobold skeleton You open the door.
The ogre hits you with a giant spiked club!!
You die...

#.........# ######....# #.#
#####.##### #.#### #.# #.#
#.# #.# ##.## ##+## #.#
#...### ##...## ####.#
#.....# ##.....## #.....
#...#.## ##.......####.#.##
####...####..........##.....
#.<.....'@O.......))......
##....###.......#.)##....#
##.#.# ##.....≈#..##.....
###.# ##...≈≈#..####.## #.#
##..≈≈##..# #.# #.#
##≈≈≈≈#..# #.# #.# #≈≈≈≈#..#
#.# #.# #≈≈≈≈#..# #.# #.#
####.≈≈##..# #.#


You could see an ogre.

Vanquished Creatures
  A big kobold (D:3)
  5 adders (D:2)
  A gnoll (D:3)
  2 oozes (D:1)
  3 leopard geckos
  2 giant cockroaches
  6 hobgoblins
  2 jackals (D:1)
  A quokka (D:2)
  4 ball pythons
  7 bats
  4 frilled lizards
  5 goblins
  15 kobolds
  3 rats
61 creatures vanquished.

Notes
Turn   | Place    | Note
-------+----------+-------------------------------------------
     0 | D:1      | KarmaPolice the Halfling Hunter began the quest for the Orb.
     0 | D:1      | Reached XP level 1. HP: 14/14 MP: 1/1
   176 | D:1      | Reached skill level 1 in Short Blades
   176 | D:1      | Reached XP level 2. HP: 15/19 MP: 2/2
   251 | D:1      | Reached skill level 6 in Slings
   421 | D:1      | Reached XP level 3. HP: 24/24 MP: 3/3
  1196 | D:2      | Reached XP level 4. HP: 21/29 MP: 4/4
  1933 | D:2      | Reached XP level 5. HP: 29/35 MP: 5/5
  2365 | D:3      | Noticed a big kobold
  2415 | D:3      | Killed a big kobold
  2415 | D:3      | Reached skill level 7 in Slings
  2668 | D:3      | Reached XP level 6. HP: 26/42 MP: 6/6
  2754 | D:3      | Noticed an ogre
  2793 | D:3      | Slain by an ogre

Vault maps used:
D:1:      minmay_arrival_floating_metal, minmay_shallow_snake_nest
D:2:      minmay_misc_feat_nine_boxes
D:3:      cheibrodos_thug_alley, minivault_25, uniq_robin

Skill      XL: |  1  2  3  4  5 |
---------------+----------------+-----
Fighting       | 2 3 |  3.0
Short Blades   | 1 2 |  2.6
Slings         | 6 7 |  7.1
Stealth        | 2 3 |  3.3
Dodging        | |  2.1

Action                   |  1- 3 |  4- 6 || total
-------------------------+-------+-------++-------
Melee: Short sword       |   131 |   124 ||   255
 Fire: Hunting sling     |       |    28 ||    28
 Abil: Evoke Flight      |     1 |       ||     1
 Stab: Sleeping          |     2 |     5 ||     7
  Eat: Chunk             |     1 |     5 ||     6
Armor: Leather armour    |    25 |    30 ||    55
Dodge: Dodged            |   134 |    88 ||   222
